 Dungeon Crawl Stone Soup version 0.20-b1 (webtiles) character file.

101731 Inarius the Peltast (level 15, -2/134 HPs)
             Began as a Minotaur Fighter on May 19, 2017.
             Was the Champion of Trog.
             Drowned by a water elemental (10 damage)
             ... on level 2 of the Shoals.
             The game lasted 01:34:01 (27585 turns).

Inarius the Peltast (Minotaur Fighter)             Turns: 27585, Time: 01:34:01

Health: -2/134     AC: 21    Str: 26    XL:     15   Next: 84%
Magic:  14/14      EV: 15    Int:  3    God:    Trog [******]
Gold:   2536       SH: 26    Dex: 17    Spells: 14/14 levels left

rFire    + . .     SeeInvis .   w - +2 eveningstar (flame)
rCold    + . .     Gourm    +   t - +2 large shield
rNeg     . . .     Faith    .   u - +3 chain mail {rC+}
rPois    .         Spirit   .   (helmet restricted)
rElec    .         Reflect  .   C - scarf {repulsion}
rCorr    .         Harm     .   K - +2 pair of gloves {Str+3}
MR       +....     Clarity  +   (no boots)
Stlth    ..........             b - amulet of the gourmand
Regen    0.4/turn               x - +2 ring of evasion
MPRegen  0.2/turn               L - +3 ring of dexterity

@: lethally poisoned (-2 -> -16), engulfed (cannot breathe), barbed spikes,
slowed, repel missiles, very slow
A: retaliatory headbutt, horns 2, talons 1, molten scales 1, clarity, dopey 1,
fire resistance 1, mutation resistance 1, sense surroundings 1, screaming 1
a: Berserk, Trog's Hand, Brothers in Arms, Burn Spellbooks, Renounce Religion


You were on level 2 of the Shoals.
You worshipped Trog.
Trog was exalted by your worship.
You were very full.

You visited 4 branches of the dungeon, and saw 23 of its levels.
You also visited: Labyrinth and Volcano.

You collected 2536 gold pieces.

Inventory:

Hand Weapons
 w - a +2 eveningstar of flaming (weapon)
Armour
 t - a +2 large shield (worn)
 u - a +3 chain mail of cold resistance (worn)
 C - a scarf of repulsion (worn)
 I - a +3 chain mail of fire resistance
 K - a +2 pair of gloves of strength (worn)
Jewellery
 b - an amulet of the gourmand (around neck)
 c - an uncursed ring of protection from cold
 d - an uncursed ring of protection from cold
 p - an uncursed ring of protection from fire
 x - a +2 ring of evasion (left hand)
 L - a +3 ring of dexterity (right hand)
 O - an uncursed ring of protection from fire
 R - an uncursed ring of resist corrosion
Wands
 i - a wand of digging (16/24)
 r - a wand of confusion (31/48)
 v - a wand of digging (12/24)
 Q - a wand of digging (9/24)
 T - a wand of polymorph (12/24)
 W - a wand of digging (5/24)
 X - a wand of lightning (6/15)
Scrolls
 e - 3 scrolls of enchant armour
 k - a scroll of blinking
 o - 9 scrolls of teleportation
 y - a scroll of holy word
 z - 2 scrolls of recharging
 D - 2 scrolls of identify
 F - 3 scrolls of fear
 H - 6 scrolls of immolation
 M - 5 scrolls of remove curse
 N - a scroll of magic mapping
 Y - a scroll of vulnerability
 Z - a scroll of summoning
Potions
 a - 4 potions of heal wounds
 g - 2 potions of agility
 h - a potion of haste
 j - 4 potions of resistance
 m - 4 potions of cancellation
 q - 2 potions of curing
 s - a potion of brilliance
 B - 4 potions of invisibility
 E - a potion of lignification
 G - a potion of ambrosia
 J - 2 potions of might
 U - a potion of flight
Books
 S - a book of Minor Magic

   Spells                             Type                      Level
   a - Magic Dart                     Conjuration                  1
   b - Blink                          Translocation                2
   c - Call Imp                       Summoning                    2
   d - Slow                           Hexes                        2
   e - Conjure Flame                  Conjuration/Fire             3
   f - Mephitic Cloud                 Conjuration/Poison/Air       3
   Trog disapproves of the use of such an item.
 V - a book of Minor Magic

   Spells                             Type                      Level
   a - Magic Dart                     Conjuration                  1
   b - Blink                          Translocation                2
   c - Call Imp                       Summoning                    2
   d - Slow                           Hexes                        2
   e - Conjure Flame                  Conjuration/Fire             3
   f - Mephitic Cloud                 Conjuration/Poison/Air       3
   Trog disapproves of the use of such an item.
Comestibles
 f - 10 bread rations
 l - 9 royal jellies
 A - 6 meat rations
 P - 11 fruits


   Skills:
 * Level 12.3 Fighting
   Level 5.7(6.0) Short Blades
   Level 3.0(5.0) Long Blades
 * Level 14.3 Maces & Flails
 + Level 0.6 Throwing
 * Level 14.3 Armour
 * Level 8.0 Dodging
 - Level 1.0 Stealth
 + Level 19.8 Shields


You had 14 spell levels left.
You didn't know any spells.

Dungeon Overview and Level Annotations

Branches:
Dungeon (13/15)            Temple (0/1) D:4            Lair (6/6) D:11
 Shoals (2/4) Lair:3       Spider (0/4) Lair:4        Slime (0/5) Lair:6
    Orc (2/2) D:11            Elf (0/3) Orc:2        Vaults (0/5) D:13

Altars:
Cheibriados
Dithmenos
Fedhas
Gozag
Kikubaaqudgha
Makhleb
Okawaru
Sif Muna
Trog
Uskayaw
Vehumet
Zin

Shops:
Orc:2 }%*(}

Annotations:
Lair:4 exclusion: 2 oklob plants


Innate Abilities, Weirdness & Mutations

You reflexively headbutt those who attack you in melee.
You have a pair of horns on your head.
You have sharp toenails.
You are partially covered in molten scales. (AC +2)
You possess an exceptional clarity of mind.
You are dopey. (Int -2)
Your flesh is heat resistant. (rF+)
You are somewhat resistant to further mutation.
You passively map a small area around you.
You occasionally shout uncontrollably at your foes.


Message History

* * * LOW HITPOINT WARNING * * *
Your lungs strain for air!
You feel sick. You block the merfolk's attack.
You block the merfolk aquamancer's attack.
The water elemental hits you.
The merfolk throws a tomahawk.
You block the tomahawk.
Your unstable footing causes you to fumble your attack.
* * * LOW HITPOINT WARNING * * *
Your lungs strain for air!
You are no longer berserk.
You are exhausted.
You feel yourself slow down. You block the merfolk's attack.
You block the water elemental's attack. You block the manticore's attack.
The manticore barely misses you.
The manticore claws you but does no damage.
The snapping turtle misses you.
You barely miss the water elemental.
You claw the water elemental, but do no damage.
The water elemental is almost destroyed.
You die...

≈ , * ≈
.≈≈≈≈≈≈≈m≈≈≈≈≈. *
≈≈≈≈≈≈≈≈≈≈≈≈≈≈≈≈
≈≈≈≈≈≈≈≈m≈≈≈≈≈≈≈≈
, ≈≈
≈≈≈≈≈≈≈≈≈≈≈≈≈..≈≈
≈≈≈≈≈≈≈≈..≈..... ≈
≈≈≈≈≈≈≈≈≈>....## ≈
≈≈
≈≈≈≈≈≈≈≈≈......##
≈≈≈≈≈≈≈≈@Hm...≈...
≈ ≈
≈≈≈≈≈≈mEEt......≈≈
≈≈≈≈≈≈m....###.≈
≈≈≈≈≈..≈≈<.# ≈ ≈
≈≈≈≈......##* ≈
≈≈≈......## ,≈ ≈≈
≈≈≈........ ≈
.....##...≈ ≈≈ ≈
.### ##.. ≈ ≈


You could see a merfolk avatar, a merfolk aquamancer, a snapping turtle, 3
merfolk, a manticore and 2 water elementals.

Vanquished Creatures
  Kirke (D:12)
  Donald (Shoals:1)
  A red draconian (Volcano)
  An ettin (Orc:1)
  A minotaur (Lab)
  A merfolk impaler (Shoals:1)
  A merfolk avatar (Shoals:2)
  8 hydras
  4 vault guards (D:13)
  3 catoblepae (Lair:6)
  Erica (D:11)
  A centaur warrior (D:10)
  An ogre mage (Volcano)
  4 death yaks (Lair:6)
  10 two-headed ogres
  Urug (D:10)
  4 orc high priests
  Sonja (D:12)
  The ghost of MydosGodOfBeginnings the Basher, a novice OgFi of Okawaru (D:7)
  Nergalle (Lair:3)
  An unseen horror (D:12)
  A flayed ghost (D:13)
  A wizard (D:13)
  Pikel (D:6)
  5 orc knights
  3 deep elf magi
  2 cyclopes (D:13)
  A wolf spider (D:13)
  3 ugly things
  A faun (Shoals:1)
  4 manticores
  5 orc sorcerers
  Joseph (D:8)
  4 elephants (Lair:3)
  5 black mambas
  9 spiny frogs
  A gargoyle (D:13)
  8 komodo dragons
  An efreet (D:13)
  2 rime drakes
  5 yaktaurs (D:12)
  4 merfolk (Shoals:1)
  A polar bear (Lair:4)
  4 trolls
  A jumping spider (Lair:4)
  A wind drake (Shoals:1)
  10 blink frogs
  5 hippogriffs
  A hornet (D:9)
  11 dream sheep
  A slime creature (Lair:6)
  3 snapping turtles (Shoals:1)
  2 redbacks (Lair:4)
  4 shadows
  A water elemental (Shoals:1)
  A wraith (D:13)
  2 humans (D:13)
  2 wyverns
  44 yaks
  6 basilisks
  A hungry ghost (D:11)
  Menkaure (D:7)
  4 wargs
  7 water moccasins
  8 porcupines
  19 orc warriors
  A hornet zombie (D:10)
  2 sky beasts
  A swamp drake (Orc:1)
  5 ice beasts
  4 phantoms
  An eye of draining (D:12)
  2 slaves (D:6)
  17 ogres
  23 centaurs
  17 crocodiles
  13 bullfrogs
  A scorpion (D:6)
  5 killer bees (D:13)
  13 wights
  6 jellies
  7 crimson imps
  A centaur zombie (D:9)
  6 howler monkeys
  2 bullfrog zombies
  A bullfrog skeleton (D:11)
  4 hounds
  4 iron imps
  17 orc priests
  A centaur skeleton (D:4)
  4 iguanas
  Natasha (twice) (D:2)
  28 orc wizards
  9 worker ants
  4 gnolls (D:7)
  8 adders
  A howler monkey skeleton (D:11)
  2 shadow imps (D:13)
  A white imp (Orc:1)
  An adder zombie (D:8)
  2 worms
  3 dart slugs
  5 leopard geckos
  58 orcs
  2 ball pythons
  9 bats
  5 giant cockroaches
  11 hobgoblins
  15 jackals
  6 kobolds
  2 quokkas
  3 frilled lizards
  14 goblins
  2 leopard gecko zombies
  10 rats
616 creatures vanquished.

Vanquished Creatures (others)
  An unseen horror (D:10)
  A big kobold (D:12)
  2 orc wizards
  2 shadow imps
  An orc (D:12)
  2 kobolds (D:12)
  7 fungi (Lair:6)
  8 plants
24 creatures vanquished.

Grand Total: 640 creatures vanquished

Notes
Turn   | Place    | Note
-------+----------+-------------------------------------------
     0 | D:1      | Inarius the Minotaur Fighter began the quest for the Orb.
     0 | D:1      | Reached XP level 1. HP: 19/19 MP: 0/0
   208 | D:1      | Reached XP level 2. HP: 27/27 MP: 1/1
   335 | D:1      | Reached skill level 4 in Shields
   571 | D:1      | Reached XP level 3. HP: 33/33 MP: 2/2
  1345 | D:2      | Reached XP level 4. HP: 41/41 MP: 3/3
  1423 | D:2      | Noticed Natasha
  1435 | D:2      | Killed Natasha
  1484 | D:2      | Noticed Natasha
  1485 | D:2      | Found an iron altar of Okawaru.
  1492 | D:2      | Killed Natasha
  1492 | D:2      | Reached skill level 1 in Short Blades
  1492 | D:2      | Reached skill level 5 in Shields
  1614 | D:3      | Reached XP level 5. HP: 47/47 MP: 4/4
  2635 | D:4      | Reached XP level 6. HP: 49/53 MP: 5/5
  2764 | D:4      | Found a staircase to the Ecumenical Temple.
  2872 | D:4      | Reached skill level 6 in Shields
  3052 | D:4      | Reached skill level 5 in Armour
  3160 | D:4      | Found a snail-covered altar of Cheibriados.
  3371 | D:4      | Found a bloodstained altar of Trog.
  3374 | D:4      | Became a worshipper of Trog the Wrathful
  3389 | D:4      | Reached skill level 1 in Maces & Flails
  3390 | D:4      | Reached XP level 7. HP: 46/60 MP: 6/6
  3399 | D:4      | Reached skill level 5 in Fighting
  3701 | D:4      | Found a blossoming altar of Fedhas.
  3797 | D:4      | Reached skill level 1 in Dodging
  3797 | D:4      | Reached skill level 7 in Shields
  3825 | D:5      | Entered Level 5 of the Dungeon
  4257 | D:5      | Found an ancient bone altar of Kikubaaqudgha.
  4327 | D:5      | Reached skill level 1 in Stealth
  4848 | D:5      | Reached XP level 8. HP: 68/69 MP: 7/7
  4902 | D:6      | Found a blossoming altar of Fedhas.
  4934 | D:6      | Found a hide-covered altar of Uskayaw.
  4969 | D:6      | Noticed Pikel
  4988 | D:6      | Killed Pikel
  4988 | D:6      | Reached skill level 8 in Shields
  5033 | D:6      | Found a shadowy altar of Dithmenos.
  5064 | D:6      | Gained mutation: You have supernaturally acute eyesight. (SInv) [mutagenic meat]
  5065 | D:6      | Gained mutation: You passively map a small area around you. [mutagenic meat]
  5066 | D:6      | Gained mutation: Your system is resistant to poisons. (rPois) [mutagenic meat]
  5067 | D:6      | Gained mutation: You are dopey. (Int -2) [mutagenic meat]
  5068 | D:6      | Gained mutation: You occasionally shout uncontrollably at your foes. [mutagenic meat]
  5256 | D:6      | Lost mutation: You have supernaturally acute eyesight. (SInv) [potion of mutation]
  5256 | D:6      | Lost mutation: Your system is resistant to poisons. (rPois) [potion of mutation]
  5256 | D:6      | Gained mutation: Your flesh is heat resistant. (rF+) [potion of mutation]
  5256 | D:6      | Gained mutation: You expend magic power (3 MP) to strengthen your wands. [potion of mutation]
  5256 | D:6      | Gained mutation: You are partially covered in molten scales. (AC +2) [potion of mutation]
  5256 | D:6      | Gained mutation: You possess an exceptional clarity of mind. [potion of mutation]
  5257 | D:6      | Lost mutation: You expend magic power (3 MP) to strengthen your wands. [potion of mutation]
  5257 | D:6      | Lost mutation: You possess an exceptional clarity of mind. [potion of mutation]
  5257 | D:6      | Gained mutation: You have sharp toenails. [potion of mutation]
  5257 | D:6      | Gained mutation: You possess an exceptional clarity of mind. [potion of mutation]
  5257 | D:6      | Gained mutation: You are somewhat resistant to further mutation. [potion of mutation]
  5815 | D:6      | Reached * piety under Trog
  5815 | D:6      | Reached XP level 9. HP: 75/75 MP: 8/8
  6035 | D:7      | Reached skill level 9 in Shields
  6068 | D:7      | Noticed MydosGodOfBeginnings's ghost (novice OgFi)
  6113 | D:7      | Killed MydosGodOfBeginnings's ghost
  6219 | D:7      | Noticed Menkaure
  6230 | D:7      | Killed Menkaure
  6679 | D:7      | Reached skill level 10 in Shields
  7058 | D:7      | Found an ancient bone altar of Kikubaaqudgha.
  7072 | D:7      | Found a deep blue altar of Sif Muna.
  7086 | D:7      | Found a radiant altar of Vehumet.
  7214 | D:7      | Found a deep blue altar of Sif Muna.
  7280 | D:7      | Found a glowing silver altar of Zin.
  7404 | D:8      | Noticed Joseph
  7730 | D:6      | Reached XP level 10. HP: 46/84 MP: 9/9
  8145 | D:8      | Killed Joseph
  8470 | D:8      | Noticed a two-headed ogre
  8489 | D:8      | Killed a two-headed ogre
  8489 | D:8      | Reached skill level 11 in Shields
  9358 | D:8      | Noticed a two-headed ogre
  9382 | D:8      | Killed a two-headed ogre
  9712 | D:8      | Reached skill level 12 in Shields
  9988 | D:9      | Reached ** piety under Trog
 10089 | D:9      | Reached skill level 5 in Short Blades
 10983 | D:9      | Found a burning altar of Makhleb.
 11039 | D:9      | Reached XP level 11. HP: 76/92 MP: 10/10
 11087 | D:10     | Entered Level 10 of the Dungeon
 11313 | D:10     | Noticed a purple ugly thing
 11338 | D:10     | Killed a purple ugly thing
 11686 | D:10     | Reached *** piety under Trog
 11728 | D:10     | Noticed Urug
 11762 | D:10     | Killed Urug
 11762 | D:10     | Reached skill level 13 in Shields
 11768 | D:10     | Noticed a centaur warrior
 11774 | D:10     | Killed an unseen horror
 11789 | D:10     | Killed a centaur warrior
 11789 | D:10     | Reached skill level 10 in Armour
 12193 | D:11     | Noticed a two-headed ogre
 12391 | D:10     | Killed a two-headed ogre
 12707 | D:11     | Noticed a seven-headed hydra
 12723 | D:11     | Killed a seven-headed hydra
 12723 | D:11     | Reached skill level 14 in Shields
 12870 | D:11     | Found a staircase to the Orcish Mines.
 12883 | D:11     | Noticed a brown ugly thing
 12899 | D:11     | Killed a brown ugly thing
 12906 | D:11     | Reached skill level 10 in Maces & Flails
 13047 | D:11     | Found a staircase to the Lair.
 13069 | D:11     | Noticed Sonja
 13101 | D:11     | HP: 3/94 [orc wizard/magic dart (9)]
 13116 | D:12     | Killed Sonja
 13116 | D:12     | Reached XP level 12. HP: 19/103 MP: 11/11
 13454 | D:11     | Noticed Erica
 13471 | D:11     | Killed Erica
 13902 | D:12     | Reached skill level 15 in Shields
 13956 | D:12     | Noticed Kirke
 13975 | D:12     | Killed Kirke
 14533 | D:12     | Reached **** piety under Trog
 14879 | Lair:1   | Entered Level 1 of the Lair of Beasts
 15538 | Lair:1   | Noticed an eight-headed hydra
 15556 | Lair:1   | Killed an eight-headed hydra
 15556 | Lair:1   | Reached skill level 16 in Shields
 15936 | Lair:2   | Reached skill level 17 in Shields
 15936 | Lair:2   | Reached XP level 13. HP: 111/111 MP: 12/12
 16717 | Lair:3   | Noticed Nergalle
 16742 | Lair:3   | Killed Nergalle
 17137 | Lair:3   | Reached XP level 14. HP: 119/119 MP: 13/13
 17160 | Lair:3   | Reached ***** piety under Trog
 17283 | Lair:3   | Found a staircase to the Shoals.
 17653 | Lair:4   | Found a hole to the Spider Nest.
 17663 | Lair:4   | Reached skill level 10 in Fighting
 17686 | Lair:4   | Reached skill level 5 in Dodging
 18244 | Lair:4   | Reached skill level 18 in Shields
 18439 | Lair:5   | Found a labyrinth entrance.
 18468 | Lab      | Entered a labyrinth
 18720 | Lab      | Got an ancient shortbow {venom}
 18793 | Lab      | Identified the cursed +3 shortbow of Ammiti {venom, +Fly Str+5} (You took it off a minotaur in a labyrinth)
 18816 | Lab      | Identified the Reference Book on Clay
 19188 | Lair:5   | Received a gift from Trog
 19796 | Lair:6   | Entered Level 6 of the Lair of Beasts
 20186 | Lair:6   | Found a staircase to the Slime Pits.
 21928 | D:12     | Reached ****** piety under Trog
 21928 | D:12     | Reached XP level 15. HP: 77/130 MP: 14/14
 22144 | D:13     | Got a crystal great sword
 22181 | D:13     | Identified the cursed +0 great sword of Subjectivity {slice, +Blink rF+ rC+} (You found it on level 13 of the Dungeon)
 22341 | D:13     | Reached skill level 19 in Shields
 22569 | D:13     | Found an opulent altar of Gozag.
 22671 | D:13     | Received a gift from Trog
 23075 | D:13     | Found a gate to the Vaults.
 23589 | Orc:1    | Entered Level 1 of the Orcish Mines
 24199 | Orc:2    | Entered Level 2 of the Orcish Mines
 24259 | Orc:2    | Found a staircase to the Elven Halls.
 24305 | Orc:2    | Found a dark tunnel.
 24314 | Volcano  | Entered a volcano
 24353 | Volcano  | Received a gift from Trog
 24947 | Orc:2    | Found Geutosel's Quality Used Wands.
 25076 | Orc:2    | Found Cosmok's Antique Weapon Emporium.
 25571 | Orc:2    | Paralysed by an orc sorcerer for 3 turns
 26442 | Orc:2    | Found Nefia's Gadget Emporium.
 26443 | Orc:2    | Found Tel Dudoa's General Store.
 26443 | Orc:2    | Found Kokyb's Food Boutique.
 26706 | Shoals:1 | Entered Level 1 of the Shoals
 26790 | Shoals:1 | Noticed Donald
 26802 | Shoals:1 | Killed Donald
 27585 | Shoals:2 | Drowned by a water elemental

Skill      XL: |  1  2  3  4  5  6  7  8  9 10 11 12 13 14 15 |
---------------+----------------------------------------------+-----
Fighting       | 4 5 6 7 8 9 11 12 | 12.3
Shields        | 4 5 6 7 8 10 12 14 17 18 19 | 19.8
Long Blades    | 3 |  3.0
Armour         | 4 5 6 7 8 9 10 11 12 13 14 | 14.3
Short Blades   | 1 2 5 |  5.7
Maces & Flails | 1 4 7 9 10 11 13 14 | 14.3
Dodging        | 1 2 3 4 6 8 |  8.0
Stealth        | 1 |  1.0
Throwing       | |  0.6

Action                   |  1- 3 |  4- 6 |  7- 9 | 10-12 | 13-15 || total
-------------------------+-------+-------+-------+-------+-------++-------
Melee: Long sword        |    76 |       |       |       |       ||    76
       Headbutt          |    21 |    52 |    74 |   283 |   381 ||   811
       Dagger            |    46 |   207 |       |       |       ||   253
       Whip              |       |    37 |   194 |   489 |  1190 ||  1910
       Kick              |       |       |    94 |   463 |   621 ||  1178
       Short sword       |       |       |   176 |   661 |       ||   837
       Eveningstar       |       |       |       |       |   271 ||   271
Throw: Javelin           |       |       |       |       |     4 ||     4
Invok: Burn Spellbooks   |       |       |       |     2 |     4 ||     6
       Trog's Hand       |       |       |       |     4 |     1 ||     5
       Berserk           |       |       |       |     4 |     5 ||     9
Evoke: Wand              |       |       |     1 |       |     1 ||     2
  Use: Scroll            |     4 |     5 |     5 |     9 |    14 ||    37
       Potion            |       |       |     3 |     9 |     4 ||    16
  Eat: Chunk             |     1 |     7 |    10 |    34 |    43 ||    95
       Meat ration       |     1 |       |       |       |       ||     1
       Bread ration      |       |       |     2 |     2 |     1 ||     5
Armor: Scale mail        |    58 |    54 |     4 |       |       ||   116
       Chain mail        |       |       |    10 |    72 |   266 ||   348
       Plate armour      |       |       |    94 |   294 |       ||   388
       Skin              |       |       |       |       |     6 ||     6
Dodge: Dodged            |    29 |    35 |    31 |   114 |   209 ||   418
       Deflected         |       |       |       |     1 |    16 ||    17
Block: Shield            |    34 |       |       |       |       ||    34
       Large shield      |    48 |   208 |   294 |   865 |  1176 ||  2591
       Rpst.: Long sword |     5 |       |       |       |       ||     5
